 Dungeon Crawl Stone Soup version 0.29-a0-330-g52719c12eb (webtiles) character file.

Game seed: 7999284532951611761

73903 wakim the Brawler (level 15, 0/152 HPs)
             Began as a Troll Fighter on Apr 19, 2022.
             Was a Priest of Qazlal.
             Slain by an entropy weaver simulacrum (18 damage)
             ... in an ice cave.
             The game lasted 01:07:04 (18530 turns).

wakim the Brawler (Troll Fighter)                  Turns: 18530, Time: 01:07:04

Health: 0/152      AC: 18    Str: 28    XL:     15   Next: 5%
Magic:  16/20      EV: 12    Int:  4    God:    Qazlal [***...]
Gold:   2534       SH: 17    Dex: 21    Spells: 14/14 levels left

rFire   . . .      SeeInvis .     - Unarmed
rCold   + . .      Faith    .   q - +0 kite shield
rNeg    . . .      Spirit   .   o - quicksilver dragon scales
rPois   +          Reflect  .   (helmet restricted)
rElec   .          Harm     .   U - +2 cloak {rPois}
rCorr   .          Rampage  .   (gloves unavailable)
Will    +++..                   (boots unavailable)
Stlth   +.........              f - amulet of the Tormentor {+Inv Will+ Regen+ Dex+6}
HPRegen 1.95/turn               k - +4 ring of protection
MPRegen 0.17/turn               j - ring of protection from cold

@: frozen, very slow
A: large, unfitting armour, claws 3, regeneration 1, shaggy fur 1, tough skin 1
a: Renounce Religion, Evoke Invisibility, Upheaval, Elemental Force


You were in an ice cave.
You worshipped Qazlal.
Qazlal was most pleased with you.
You visited 3 branches of the dungeon, and saw 21 of its levels.
You also visited: Ossuary, Bailey and Ice Cave.

You collected 2534 gold pieces.

Inventory:

Missiles
 c - 14 poisoned darts
 e - 3 curare-tipped darts {=f}
 s - 8 javelins
 C - 10 atropa-tipped darts
 R - 30 boomerangs (quivered)
 V - 18 large rocks {=f}
Armour
 o - quicksilver dragon scales (worn)
 q - a +0 kite shield (worn)
 U - a +2 cloak of poison resistance (worn)
Jewellery
 f - the amulet of the Tormentor (around neck) {+Inv Will+ Regen+ Dex+6}
   (You acquired it on level 11 of the Dungeon)

   [amulet of regeneration]

   Dex:       It affects your dexterity (+6).
   +Inv:      It lets you turn invisible.
   Regen:     It increases your rate of health regeneration.
   Will:      It increases your willpower.
 g - an amulet of faith
 h - a ring of fire
 i - the ring of Equivalence {Contam rN+ rCorr Dex+6 Slay+2}
   (You found it on level 6 of the Lair of Beasts)

   [ring of resist corrosion]

   Dex:       It affects your dexterity (+6).
   Slay:      It affects your accuracy & damage with ranged weapons and melee
   (+2).
   rN:        It protects you from negative energy.
   Contam:    It causes magical contamination when unequipped.
   rCorr:     It protects you from acid and corrosion.
 j - a ring of protection from cold (right claw)
 k - a +4 ring of protection (left claw)
 l - a ring of see invisible
 W - a +6 ring of strength
Wands
 d - a wand of charming (6)
 t - a wand of digging (3)
 u - a wand of mindburst (5)
 v - a wand of flame (27)
 w - a wand of acid (11)
 x - a wand of iceblast (3)
 y - a wand of paralysis (17)
 z - a wand of polymorph (10)
Scrolls
 p - a scroll of enchant armour
 r - 8 scrolls of identify
 P - 3 scrolls of amnesia
 Q - 3 scrolls of immolation {!r!r}
 S - 3 scrolls of summoning
 T - 20 scrolls of teleportation
 X - 3 scrolls of fog
 Y - 2 scrolls of blinking {!r}
 Z - a scroll of silence {!r}
Potions
 A - 5 potions of ambrosia
 B - 5 potions of attraction {!q}
 D - 4 potions of brilliance
 E - 2 potions of cancellation
 F - 14 potions of curing
 G - 10 potions of flight
 H - 6 potions of haste
 I - 4 potions of invisibility
 J - 3 potions of heal wounds
 K - 5 potions of magic
 L - 5 potions of lignification {!q}
 M - 4 potions of mutation {!q}
 N - 5 potions of might
 O - a potion of resistance
Miscellaneous
 m - a phantom mirror
 n - a box of beasts


   Skills:
 * Level 10.4 Fighting
 + Level 9.7 Throwing
 + Level 7.4 Dodging
 - Level 10.0 Shields
 * Level 15.2 Unarmed Combat
 + Level 8.1 Invocations


You had 14 spell levels left.
You didn't know any spells.
Your spell library contained the following spells:

 Spells                   Type           Power      Damage    Failure   Level
 Apportation              Tloc           0%         N/A       85%         1
 Sting                    Tmut/Pois      0%         1d3       85%         1
 Blink                    Tloc           0%         N/A       94%         2
 Corpse Rot               Necr/Air       0%         N/A       94%         2
 Poisonous Vapours        Pois/Air       0%         N/A       94%         2
 Scorch                   Fire           0%         2d5       94%         2
 Static Discharge         Conj/Air       0%         N/A       94%         2
 Sublimation of Blood     Necr           0%         N/A       94%         2
 Confusing Touch          Hex            0%         N/A       99%         3
 Lesser Beckoning         Tloc           0%         N/A       99%         3
 Dispel Undead            Necr           0%         3d6       100%        4
 Flame Wave               Conj/Fire      0%         2d4       100%        4
 Hailstorm                Conj/Ice       0%         3d3       100%        4
 Ice Form                 Ice/Tmut       0%         N/A       100%        4
 Leda's Liquefaction      Hex/Erth       0%         N/A       100%        4
 Olgreb's Toxic Radiance  Pois           0%         N/A       100%        4
 Petrify                  Tmut/Erth      0%         N/A       100%        4
 Sticky Flame             Conj/Fire      0%         2d3       100%        4
 Alistair's Intoxication  Tmut/Pois      0%         N/A       100%        5
 Irradiate                Conj/Tmut      0%         3d13      100%        5
 Lee's Rapid Deconstruct  Erth           0%         3d5*      100%        5
 Manifold Assault         Tloc           0%         N/A       100%        5
 Yara's Violent Unravell  Hex/Tmut       0%         3d3       100%        5
 Dispersal                Tloc           0%         N/A       100%        6
 Simulacrum               Ice/Necr       0%         N/A       100%        6
 Statue Form              Tmut/Erth      0%         N/A       100%        6
 Summon Cactus Giant      Summ           0%         N/A       100%        6
 Enfeeble                 Hex            0%         N/A       100%        7
 Disjunction              Tloc           0%         N/A       100%        8


Dungeon Overview and Level Annotations

Branches:
Dungeon (14/15)            Temple (1/1) D:6            Lair (6/6) D:9
 Shoals (0/4) Lair:2        Snake (0/4) Lair:2        Slime (0/5) Lair:5
    Orc (0/2) D:9         Ossuary (visited)          Bailey (visited)
  IceCv (1/1)
 Vaults: D:13-14

Altars:
Ashenzari
Cheibriados
Dithmenos
Elyvilon
Fedhas
Gozag
Hepliaklqana
Kikubaaqudgha
Makhleb
Nemelex Xobeh
Okawaru
Qazlal
Ru
Sif Muna
Trog
Uskayaw
Vehumet
Wu Jian
Yredelemnul
Zin
The Shining One
Lugonu

Shops:
D:5 :   D:11 (   D:12 [

Portals:
Abyss: Lair:6
Trove: D:13 (show slimy rune of Zot)

Annotations:
Lair:1 3 runed translucent doors, Armakuni's ghost, journeyman HuCj


Innate Abilities, Weirdness & Mutations

You are too large for most types of armour.
You have claws for hands.
Your natural rate of healing is unusually fast.
You are covered in fur. (AC +1)
You have tough skin. (AC +1)


Message History

An entropy weaver simulacrum comes into view.
You block the entropy weaver simulacrum's attack.
The entropy weaver simulacrum hits you but does no damage. x2
You block the entropy weaver simulacrum's attack. 75/152 (+2)
You scratch the entropy weaver simulacrum but do no damage.
The entropy weaver simulacrum barely misses you.
The entropy weaver simulacrum hits you.
* * * LOW HITPOINT WARNING * * *
The entropy weaver simulacrum freezes you!
You resist.
* * * LOW HITPOINT WARNING * * *
The entropy weaver simulacrum barely misses you.
The entropy weaver simulacrum hits you but does no damage. 66/152 (-9)
Aiming: Upheaval
Press: ? - help, Dir - move target, f - entropy weaver simulacrum
Aim: an entropy weaver simulacrum (freezing vapour) That beam is likely to hit you.
Continue anyway?
A blizzard blasts the area with ice!
The blast of ice hits you!! You partially resist.
* * * LOW HITPOINT WARNING * * *
You are encased in ice.
The blast of ice hits the entropy weaver simulacrum!
The entropy weaver simulacrum partially resists.
The entropy weaver simulacrum is moderately damaged.
The entropy weaver simulacrum is flash-frozen.
The entropy weaver simulacrum closely misses you.
The entropy weaver simulacrum hits you.
* * * LOW HITPOINT WARNING * * *
The entropy weaver simulacrum freezes you!
You resist.
* * * LOW HITPOINT WARNING * * *
You block the entropy weaver simulacrum's attack. x2
The entropy weaver simulacrum closely misses you.
The entropy weaver simulacrum hits you!
* * * LOW HITPOINT WARNING * * *
The entropy weaver simulacrum freezes you!!
You resist.
You die...

##..∩..##
#.......#
#...∩...#
##.....##
##...##
#...##
##...#
##§..#
#.@°##
#.ZZ##
#..##
##.. ##.
.. .. ..Z


You could see 2 entropy weaver simulacra.

Vanquished Creatures
  The ghost of kMk the Fighter, a journeyman VSFi of Okawaru (Lair:6)
  Fannar (D:11)
  3 two-headed ogres
  10 hydras
  3 boulder beetles
  3 centaur warriors
  3 catoblepae
  4 death yaks (Lair:1)
  4 thrashing horrors (Lair:6)
  Sonja (D:11)
  Amaemon (D:11)
  5 skeletal warriors (D:13)
  3 spriggan simulacra
  5 deep elf pyromancers
  An oklob plant (Lair:3)
  2 manticores
  5 ugly things
  5 cyclopes
  7 elephants
  4 black mambas
  A smoke demon (Lair:6)
  2 cane toads (shapeshifter)
  An orange demon (D:11)
  12 cane toads
  2 gargoyles
  2 kobold demonologists
  Maggie (D:9)
  4 rime drakes
  A yaktaur (D:13)
  8 komodo dragons
  An ancient zyme (Lair:6)
  3 freezing wraiths
  A troll (D:10)
  2 entropy weaver simulacra (D:14)
  A wind drake (Lair:2)
  3 polar bears
  A slime creature (shapeshifter) (Lair:6)
  A hornet (D:9)
  24 blink frogs
  3 slime creatures (D:13)
  2 large abominations (Lair:6)
  A centaur simulacrum (D:13)
  Sigmund (D:3)
  2 shadows
  A ynoxinul (Lair:6)
  3 wyverns
  2 vampires
  2 spriggans (Lair:6)
  3 wraiths
  36 yaks
  A hog (shapeshifter) (Lair:6)
  Grum (D:9)
  5 basilisks
  A chaos spawn (Lair:6)
  2 steam dragons (D:8)
  5 minotaur simulacra
  6 vampire mosquitoes
  Menkaure (D:7)
  A naga (Lair:2)
  A harpy simulacrum (IceCv)
  2 acid dragons
  16 water moccasins
  13 orc warriors
  4 sky beasts
  An ice beast (D:8)
  2 ogres (D:5)
  9 small abominations (Lair:6)
  11 centaurs
  10 wolves
  3 phantoms (D:6)
  2 kobold brigands (D:9)
  12 bullfrogs
  A necrophage (D:6)
  7 scorpions
  3 deep troll simulacra
  10 wights
  10 killer bees
  2 oklob saplings (D:9)
  5 electric eels (Lair:5)
  7 howler monkeys
  4 jellies
  5 orc priests
  8 hounds
  Natasha (thrice) (D:4)
  An iguana (D:6)
  8 orc wizards
  8 mummies (Ossuary)
  Robin (D:3)
  A gnoll (Bailey)
  9 adders
  2 shadow imps
  2 white imps
  2 ufetubi
  2 dart slugs
  43 orcs
  12 ball pythons
  4 endoplasms
  A giant cockroach (D:4)
  20 goblins
  9 hobgoblins
  2 jackals
  28 kobolds
  3 quokkas
  4 bats
  3 frilled lizards
  2 gnoll zombies (Ossuary)
  2 hobgoblin zombies (Ossuary)
  2 kobold zombies (Ossuary)
  2 orc zombies (Ossuary)
  3 rats
  A bush (Lair:3)
549 creatures vanquished.

Vanquished Creatures (others)
  A manticore (Lair:2)
  Maurice (D:10)
  An unseen horror (D:13)
  An orc wizard (D:8)
  14 fungi
  20 plants
38 creatures vanquished.

Grand Total: 587 creatures vanquished

Notes
Turn   | Place    | Note
-------+----------+-------------------------------------------
     0 | D:1      | wakim the Troll Fighter began the quest for the Orb.
     0 | D:1      | Reached XP level 1. HP: 22/22 MP: 0/0
    50 | D:1      | !bestwep
   133 | D:1      | Reached XP level 2. HP: 29/29 MP: 1/1
   763 | D:1      | Found a glowing golden altar of the Shining One.
   896 | D:2      | Reached XP level 3. HP: 34/36 MP: 2/2
  1006 | D:2      | Noticed a scorpion
  1010 | D:2      | Killed a scorpion
  1011 | D:2      | Reached skill level 3 in Unarmed Combat
  1011 | D:2      | Reached XP level 4. HP: 45/45 MP: 3/3
  1152 | D:2      | Found a burning altar of Makhleb.
  1347 | D:2      | Found a faded altar of an unknown god.
  1633 | D:3      | Noticed Robin
  1639 | D:3      | Killed Robin
  2153 | D:3      | Noticed Sigmund
  2165 | D:3      | Killed Sigmund
  2166 | D:3      | Reached skill level 1 in Throwing
  2166 | D:3      | Reached skill level 4 in Unarmed Combat
  2166 | D:3      | Reached XP level 5. HP: 53/53 MP: 4/4
  2166 | D:3      | Reached XP level 6. HP: 61/61 MP: 5/5
  2461 | D:4      | Reached skill level 5 in Unarmed Combat
  2474 | D:4      | Reached XP level 7. HP: 62/67 MP: 6/6
  2659 | D:4      | Noticed Natasha
  2663 | D:4      | Killed Natasha
  2871 | D:5      | Entered Level 5 of the Dungeon
  2914 | D:5      | Found Qaeduarph's Book Shop.
  3331 | D:4      | Noticed Natasha
  3338 | D:4      | Killed Natasha
  3409 | D:4      | Noticed Natasha
  3419 | D:4      | Killed Natasha
  3697 | D:5      | Noticed a two-headed ogre
  3763 | D:5      | Reached skill level 5 in Shields
  3763 | D:5      | Reached skill level 6 in Unarmed Combat
  3763 | D:5      | Reached XP level 8. HP: 66/78 MP: 7/7
  4433 | D:5      | Killed a two-headed ogre
  4434 | D:5      | Reached skill level 7 in Unarmed Combat
  4996 | D:6      | Reached XP level 9. HP: 85/85 MP: 8/8
  5031 | D:6      | Found a staircase to the Ecumenical Temple.
  5037 | Temple   | Entered the Ecumenical Temple
  5098 | Temple   | Became a worshipper of Qazlal Stormbringer
  5444 | D:6      | !bestwep
  5580 | D:7      | Reached skill level 1 in Invocations
  5629 | D:7      | Noticed Menkaure
  5642 | D:7      | Killed Menkaure
  5643 | D:7      | Reached skill level 5 in Fighting
  5779 | D:7      | Reached skill level 8 in Unarmed Combat
  6211 | D:7      | Identified a scroll of acquirement
  6211 | D:7      | Acquired a +5 hand crossbow of flaming
  6215 | D:7      | !bestwep
  6431 | D:8      | Found a sand-covered staircase.
  6436 | Ossuary  | Entered an ossuary
  6458 | Ossuary  | Reached * piety under Qazlal
  6775 | D:8      | Found a flagged portal.
  6794 | Bailey   | Entered a bailey
  6847 | Bailey   | Reached ** piety under Qazlal
  6894 | Bailey   | Reached XP level 10. HP: 95/96 MP: 10/10
  7367 | D:8      | Found a snail-covered altar of Cheibriados.
  7501 | D:8      | Reached skill level 9 in Unarmed Combat
  7746 | D:9      | Noticed Grum
  7757 | D:8      | Reached skill level 5 in Throwing
  7820 | D:9      | Killed Grum
  7930 | D:9      | Found a staircase to the Lair.
  7979 | D:9      | Reached *** piety under Qazlal
  8012 | D:9      | Noticed Maggie
  8021 | D:9      | Killed Maggie
  8147 | D:9      | Found a staircase to the Orcish Mines.
  8588 | D:9      | Reached skill level 10 in Unarmed Combat
  8953 | D:10     | Entered Level 10 of the Dungeon
  9025 | D:10     | Reached **** piety under Qazlal
  9130 | D:10     | Reached XP level 11. HP: 105/105 MP: 12/12
  9401 | D:10     | Noticed a two-headed ogre
  9412 | D:10     | Killed a two-headed ogre
  9565 | D:10     | Noticed a boulder beetle
  9573 | D:10     | Killed a boulder beetle
  9684 | D:10     | Noticed Maurice
  9708 | D:10     | Killed Maurice
  9769 | Lair:1   | Entered Level 1 of the Lair of Beasts
  9953 | Lair:1   | Found a runed translucent gate.
  9957 | Lair:1   | Found a runed translucent gate.
  9958 | Lair:1   | Found a runed translucent gate.
 10032 | Lair:1   | Noticed a death yak
 10036 | Lair:1   | Noticed a death yak
 10037 | Lair:1   | Noticed a death yak
 10039 | Lair:1   | Noticed a death yak
 10102 | Lair:1   | Killed a death yak
 10110 | Lair:1   | Killed a death yak
 10116 | Lair:1   | Killed a death yak
 10117 | Lair:1   | Reached skill level 11 in Unarmed Combat
 10135 | Lair:1   | Killed a death yak
 10386 | Lair:1   | Noticed Armakuni's ghost (journeyman HuCj)
 10387 | Lair:1   | Noticed an ice dragon
 10507 | Lair:2   | Found a staircase to the Snake Pit.
 10556 | Lair:2   | Noticed a catoblepas
 10567 | Lair:2   | Killed a catoblepas
 10614 | Lair:2   | Noticed an eight-headed hydra
 10631 | Lair:2   | Killed an eight-headed hydra
 10684 | Lair:2   | Reached XP level 12. HP: 93/115 MP: 14/14
 10729 | Lair:2   | Found a staircase to the Shoals.
 11399 | Lair:3   | Reached skill level 10 in Shields
 11417 | Lair:3   | Reached skill level 5 in Invocations
 11435 | Lair:3   | You fall into a shaft and drop 3 floors!
 11435 | Lair:6   | Entered Level 6 of the Lair of Beasts
 11437 | Lair:6   | Noticed a four-headed hydra
 11441 | Lair:6   | Noticed a catoblepas
 11444 | Lair:6   | Killed a four-headed hydra
 11445 | Lair:6   | Reached skill level 12 in Unarmed Combat
 11452 | Lair:6   | Killed a catoblepas
 11681 | Lair:5   | Noticed a catoblepas
 11697 | Lair:5   | Killed a catoblepas
 11790 | Lair:5   | Reached skill level 5 in Dodging
 11860 | Lair:5   | Reached ***** piety under Qazlal
 11863 | Lair:5   | Found a staircase to the Slime Pits.
 12164 | Lair:5   | Reached XP level 13. HP: 127/127 MP: 16/16
 12682 | Lair:6   | Identified the ring of Equivalence {Contam rN+ rCorr Dex+6
                  | Slay+2}
 12946 | Lair:6   | Found a runed translucent door.
 13143 | Lair:6   | Reached skill level 13 in Unarmed Combat
 13566 | Lair:6   | Found a corrupted altar of Lugonu.
 13566 | Lair:6   | Found a one-way gate to the infinite horrors of the Abyss.
 13662 | Lair:6   | Noticed kMk's ghost (journeyman VSFi)
 13680 | Lair:6   | Killed kMk's ghost
 13925 | Lair:4   | Found a broken altar of Ashenzari.
 14932 | Lair:3   | Reached skill level 14 in Unarmed Combat
 14932 | Lair:3   | Reached XP level 14. HP: 137/140 MP: 18/18
 15541 | Lair:3   | Identified the +1 robe of Exclusion {rElec rC++ Str-5
                  | Stlth+}
 16236 | D:11     | Noticed Amaemon
 16249 | D:11     | Killed Amaemon
 16257 | D:11     | Found Icsescham's Antique Weapon Shoppe.
 16274 | D:11     | Noticed Fannar
 16285 | D:11     | Killed Fannar
 16401 | D:11     | Acquired the amulet of the Tormentor {+Inv Will+ Regen+
                  | Dex+6}
 16505 | D:11     | Noticed Sonja
 16524 | D:11     | Killed Sonja
 16670 | D:12     | Identified the +1 robe of Negation {Will+ rCorr}
 16964 | D:12     | Found Ossacuf's Armour Emporium.
 17862 | D:13     | Found a portal to a secret trove of treasure.
 17885 | D:13     | Reached skill level 10 in Fighting
 18214 | D:13     | Reached skill level 15 in Unarmed Combat
 18350 | D:14     | Found a frozen archway.
 18469 | D:14     | Reached XP level 15. HP: 93/150 MP: 16/20
 18491 | IceCv    | Entered an ice cave
 18530 | IceCv    | Slain by an entropy weaver simulacrum

Illustrated notes

.............. ( ...
..............#.... ..
..)..............$ [..
..#.....####...#.# ....
..#............#.###....
........................
........................
........................
....###.........@.......
....# #.................
....# #####.............
....# #.....#.......
.... .....######.... ..
......# .... .......#
... .......# ## .##..##


Turn 50 on D:1: !bestwep ......######## #####......... .......####.# ######.#
#.# ######.# #.## ....##.# #.##. .......####.##.### .............#$..#
#....#.#.##..# #@# #(####.#.##..# #.# #.##...#.##..# #.# #............# #.#
#.....<......###.# #....#...........# #............##### ..#..........#
............## Turn 5444 on D:6: !bestwep ###### #..... #############.....
#@..........'..... #.###########..... #.# #..... #.# #..... #.###########.....
#.[............... #.#............... #.#.############## ###.#.# ######## Turn
6215 on D:7: !bestwep

Levels and vault maps discovered:
D:1:      dpeg_arrival_water_altar, layout_basic, minmay_3d_cube
D:2:      minmay_inner_zag, layout_loops_ring,
          shapermc_ecumenical_altar_mp_highgroup, basic_altar
D:3:      layout_basic, uniq_robin, uniq_sigmund
D:4:      layout_cave_pools, kennysheep_cluttered_room, uniq_natasha
D:5:      layout_layer_cave, minmay_shop_grid_forest
D:6:      minmay_diamond_boxcup, layout_loops_ring, minmay_temple_entry_fiery
D:7:      layout_basic, uniq_menkaure
D:8:      layout_loops_cross, mainiacjoe_overflow_tiny_flanked, enter_ossuary_2,
          enter_bailey_4
D:9:      layout_roguey, grunt_lair_entry_orc_guard_hut, david_orc_2,
          introduction_to_nature_1, uniq_grum, uniq_maggie
D:10:     layout_irregular_city, nzn_sisyphean_effort, uniq_maurice
D:11:     layout_cave_pools, serial_shops, nicolae_shop_overgrown_old_shop,
          uniq_fannar, uniq_sonja, uniq_amaemon
D:12:     layout_irregular_city, serial_shops, nicolae_shop_stone,
          lemuel_old_faithful
D:13:     layout_roguey, nicolae_trove_entry_isolated, grunt_ministairs_5,
          minmay_hollow_rounded_squares
D:14:     layout_long_grid, david_vaults_1, minivault_14,
          portal_ice_cave_entry_ice_simulacra
Temple:   compressed_dpeg_triangle_lava_temple
Lair:1:   layout_chaotic_city, gammafunk_ghost_icy
Lair:2:   layout_chaotic_city, minmay_shoals_entry_beasts,
          guppyfry_snake_entry_island, minivault_27, guppyfry_lair_drakes
Lair:3:   layout_layer_cave, nicolae_quartered_pool_medium,
          minmay_lair_oklob_items
Lair:4:   layout_hall_layers, basic_altar, grunt_megastairs_4
Lair:5:   layout_gridlike, nicolae_slime_entry_slimehenge, serial_bayou_lake_a,
          grunt_megastairs_1
Lair:6:   hellmonk_lair_end_abyssal_woods, layout_big_grid,
          ebering_ghost_inner_flame, dreamdust_mushroom_princess,
          grunt_forest_small_clearings
IceCv:    ice_cave_small_demon

Skill      XL: |  1  2  3  4  5  6  7  8  9 10 11 12 13 14 |
---------------+-------------------------------------------+-----
Fighting       | 3 4 5 6 7 9 10 | 10.4
Shields        | 3 4 5 6 7 8 9 10 | 10.0
Unarmed Combat | 3 4 5 6 7 8 10 11 12 14 15 | 15.2
Throwing       | 1 2 3 4 5 6 7 8 9 |  9.7
Invocations    | 2 3 4 5 7 8 |  8.1
Dodging        | 3 5 6 7 |  7.4

Action                   |  1- 3 |  4- 6 |  7- 9 | 10-12 | 13-15 || total
-------------------------+-------+-------+-------+-------+-------++-------
Melee: Unarmed           |    58 |    91 |   308 |   518 |   646 ||  1621
 Fire: Hunting sling     |       |     6 |     8 |       |       ||    14
       Hand crossbow     |       |       |    34 |    52 |       ||    86
Throw: Boomerang         |     3 |       |    19 |    18 |   180 ||   220
       Dart              |       |       |       |     9 |    10 ||    19
Invok: Upheaval          |       |       |       |     3 |    25 ||    28
Evoke: Wand              |       |       |     5 |     6 |       ||    11
  Use: Scroll            |       |     3 |    14 |    10 |     7 ||    34
       Potion            |       |       |       |     1 |     1 ||     2
 Stab: Sleeping          |     1 |       |       |       |       ||     1
       Petrified         |       |       |       |     3 |       ||     3
Armor: Robe              |    20 |    42 |   109 |    24 |       ||   195
       Quicksilver drago |       |       |       |   151 |   236 ||   387
Dodge: Dodged            |    16 |    27 |   104 |   127 |   223 ||   497
       Repelled          |       |       |       |     1 |     4 ||     5
Block: Kite shield       |    15 |    31 |   132 |   455 |   680 ||  1313
       Reflection        |       |       |       |     3 |     2 ||     5

Table legend: (Time is in decaauts)
 A = Elapsed time spent in this place.
 B = Non-inter-level travel time spent in this place.
 C = Inter-level travel time spent in this place.
 D = Time resting spent in this place.
 E = Time spent auto-exploring this place.
 F = Levels seen in this place.
 G = Mean time per level.
                   A        B        C        D        E       F      G
               +--------+--------+--------+--------+--------+-----+--------+
         Total |  18521 |  17450 |   1071 |    552 |  12720 |  24 |  771.7 |
       Dungeon |  11517 |  10761 |    756 |    192 |   8050 |  14 |  822.6 |
        Temple |     72 |     63 |      9 |      0 |     46 |   1 |   72.0 |
          Lair |   6288 |   5982 |    306 |    360 |   4357 |   6 | 1048.0 |
       Ossuary |    194 |    194 |      0 |      0 |     87 |   1 |  194.0 |
        Bailey |    415 |    415 |      0 |      0 |    175 |   1 |  415.0 |
      Ice Cave |     33 |     33 |      0 |      0 |      4 |   1 |   33.0 |
               +--------+--------+--------+--------+--------+-----+--------+

Top non-repeatable levels by time:
     D:5: 1338 daAuts
  Lair:5: 1246 daAuts
  Lair:6: 1205 daAuts
     D:9: 1184 daAuts
     D:4: 1175 daAuts
  Lair:3: 1165 daAuts
  Lair:4: 1016 daAuts
  Lair:2: 928 daAuts
     D:8: 886 daAuts
    D:13: 862 daAuts
     D:7: 841 daAuts
    D:10: 823 daAuts
    D:12: 817 daAuts
     D:2: 808 daAuts
     D:1: 779 daAuts
